 Dungeon Crawl Stone Soup version 0.24-a0-355-gbe4061de67 (console) character file.

Game seed: 11402567062900758108

205 Voker57 the Skirmisher (level 5, -1/45 HPs)
             Began as a Demonspawn Monk on May 24, 2019.
             Slain by a gnoll
             ... wielding a +0 spear
              (6 damage)
             ... on level 4 of the Dungeon.
             The game lasted 00:03:46 (3782 turns).

Voker57 the Skirmisher (Demonspawn Monk)            Turns: 3782, Time: 00:03:46

Health: -1/45      AC:  4    Str: 11    XL:     5   Next: 52%
Magic:  5/5        EV: 15    Int: 12    God:
Gold:   124        SH:  0    Dex: 16    Spells: 4/4 levels left

rFire    . . .     SeeInvis .   a - +0 falchion
rCold    . . .     Gourm    .   (no shield)
rNeg     . . .     Faith    .   b - +0 robe
rPois    .         Spirit   .   (no helmet)
rElec    .         Reflect  .   (no cloak)
rCorr    .         Harm     .   (no gloves)
MR       .....                  (no boots)
Stlth    ++........             (no amulet)
HPRegen  0.15/turn              (no ring)
MPRegen  0.09/turn              (no ring)

@: no status effects
A: rugged brown scales 2
a: no special abilities


You were on level 4 of the Dungeon.
You were not hungry.

You visited 1 branch of the dungeon, and saw 4 of its levels.

You collected 124 gold pieces.

Inventory:

Hand Weapons
 a - a +0 falchion (weapon)
Armour
 b - a +0 robe (worn)
Jewellery
 e - an uncursed ring of resist corrosion {unknown}
 f - a cursed ring of attention {unknown}
 o - an uncursed ring of fire
Scrolls
 g - a scroll of teleportation
 i - a scroll of fog
 j - 2 scrolls of identify {unknown}
 k - a scroll of fear {unknown}
 m - 2 scrolls of blinking {unknown}
 n - a scroll of remove curse {unknown}
Potions
 d - a potion of brilliance {unknown}
 h - a potion of curing {unknown}
 l - a potion of magic {unknown}
Comestibles
 c - 2 rations
 p - 2 chunks of flesh


   Skills:
 + Level 4.9 Fighting
 - Level 2.6 Long Blades
 + Level 4.4 Dodging
 - Level 1.7 Stealth


You had 4 spell levels left.
You didn't know any spells.
Your spell library was empty.

Dungeon Overview and Level Annotations

Branches:
Dungeon (4/15)
 Temple: D:4-7

Altars:
Zin


Innate Abilities, Weirdness & Mutations

You are mostly covered in rugged brown scales. (AC +2, +5% HP)


Message History

The gnoll closely misses you.
The gnoll hits you from afar with a +0 spear!
You closely miss the gnoll. The gnoll misses you. The gnoll barely misses you.
You hit the gnoll but do no damage. The gnoll hits you but does no damage.
The gnoll closely misses you.
You hit the gnoll.
The gnoll is moderately wounded.
The gnoll closely misses you. The gnoll barely misses you.
You hit the gnoll but do no damage.
The gnoll is moderately wounded.
The gnoll closely misses you.
You riposte.
You hit the gnoll.
The gnoll is moderately wounded.
The gnoll hits you from afar with a +0 spear.
* * * LOW HITPOINT WARNING * * *
You hit the gnoll.
The gnoll is severely wounded.
The gnoll hits you with a +0 spear!
* * * LOW HITPOINT WARNING * * *
The gnoll hits you from afar with a +0 spear.
You die...

##...## #.#..#####.....
#.....## ##.#..##......#
.......## ##..#..##...g..#
........####.....(##......###
........'...........g..g.g.g.
........####...#.######......
.......## ##...g...# ..#.#
#.....## ##.#g##.# ## ##...##
#.#g##.# ##'## #.#@##.# #.#
#.#.##.# ###.###.## #......#
...<......# ###.####
##...##.#.# #.# .....# #.#
##...## ..# ##.## ### ###


You could see 3 gnolls.

Vanquished Creatures
  A bullfrog skeleton (D:4)
  An iguana (D:4)
  A worker ant (D:4)
  5 adders
  A worm (D:2)
  2 dart slugs
  4 leopard geckos
  4 orcs (D:3)
  8 bats
  5 giant cockroaches
  9 goblins
  8 hobgoblins
  6 kobolds
  3 quokkas
  3 frilled lizards
  4 rats
65 creatures vanquished.

Vanquished Creatures (others)
  A plant (D:4)
1 creature vanquished.

Grand Total: 66 creatures vanquished

Notes
Turn   | Place    | Note
-------+----------+-------------------------------------------
     0 | D:1      | Voker57 the Demonspawn Monk began the quest for the Orb.
     0 | D:1      | Reached XP level 1. HP: 18/18 MP: 1/1
   348 | D:1      | Gained mutation: You are partially covered in rugged brown
                  | scales. (AC +1, +3% HP) [demonic ancestry]
   348 | D:1      | Reached XP level 2. HP: 18/24 MP: 2/2
   892 | D:2      | Gained mutation: You are mostly covered in rugged brown
                  | scales. (AC +2, +5% HP) [demonic ancestry]
   892 | D:2      | Reached XP level 3. HP: 24/30 MP: 3/3
  1622 | D:2      | Reached XP level 4. HP: 37/38 MP: 4/4
  2677 | D:3      | Found a glowing silver altar of Zin.
  2677 | D:3      | Noticed an angel
  3136 | D:4      | Reached XP level 5. HP: 14/45 MP: 5/5
  3782 | D:4      | Slain by a gnoll

Levels and vault maps discovered:
D:1:      matt_arrival_diagonals, layout_loops_ring
D:2:      layout_basic, kennysheep_cross_room
D:3:      layout_loops_ring, zin_angel
D:4:      layout_loops_corners, serial_bayou_pond_d, minmay_misc_feat_encased,
          uniq_edmund

Skill      XL: |  1  2  3  4 |
---------------+-------------+-----
Dodging        | 3 4 |  4.4
Fighting       | 4 |  4.9
Long Blades    | |  2.6
Stealth        | |  1.7

Action                   |  1- 3 |  4- 6 || total
-------------------------+-------+-------++-------
Melee: Falchion          |   144 |   144 ||   288
  Use: Scroll            |     2 |     1 ||     3
       Potion            |       |     1 ||     1
 Stab: Sleeping          |     4 |     3 ||     7
  Eat: Chunk             |     3 |     4 ||     7
       Ration            |       |     1 ||     1
Armor: Robe              |    29 |    36 ||    65
Dodge: Dodged            |   124 |   131 ||   255
       Rpst.: Falchion   |    36 |    47 ||    83

Table legend:
 A = Non-vault XP
 B = Vault XP
 C = Vault XP percentage of total XP
 D = Non-vault monster count
 E = Vault monster count
 F = Vault count percentage of total count
                 A         B        C        D         E       F
            +---------+---------+-------+---------+---------+-------
      Total |     293 |       0 |   0.0 |      65 |       0 |   0.0
            +---------+---------+-------+---------+---------+-------
        D:1 |      39 |       0 |   0.0 |      22 |       0 |   0.0
        D:2 |      89 |       0 |   0.0 |      20 |       0 |   0.0
        D:3 |      34 |       0 |   0.0 |      18 |       0 |   0.0
        D:4 |     131 |       0 |   0.0 |       5 |       0 |   0.0
            +---------+---------+-------+---------+---------+-------
